 Dungeon Crawl Stone Soup version 0.29-a0-870-g2c972031a6 (webtiles) character file.

Game seed: 9014598568695042354

7 nxtlvl the Ducker (level 1, -1/13 HPs)
             Began as a Deep Elf Monk on July 17, 2022.
             Slain by a hobgoblin (2 damage)
             ... on level 2 of the Dungeon.
             The game lasted 00:01:12 (198 turns).

nxtlvl the Ducker (Deep Elf Monk)                    Turns: 198, Time: 00:01:13

Health: -1/13      AC:  2    Str:  8    XL:     1   Next: 83%
Magic:  3/3        EV: 13    Int: 14    God:
Gold:   9          SH:  0    Dex: 17    Spells: 0/0 levels left

rFire   + . .      SeeInvis .   a - +0 short sword
rCold   x . .      Faith    .   (no shield)
rNeg    . . .      Spirit   .   b - +0 robe
rPois   .          Reflect  .   (no helmet)
rElec   .          Harm     .   (no cloak)
rCorr   .          Rampage  .   (no gloves)
Will    .....                   (no boots)
Stlth   ++........              (no amulet)
HPRegen 0.04/turn               d - ring of fire
MPRegen 0.08/turn               (no ring)

@: no status effects
A: no striking features
a: no special abilities


You were on level 2 of the Dungeon.
You visited 1 branch of the dungeon, and saw 2 of its levels.

You collected 9 gold pieces.

Inventory:

Hand Weapons
 a - a +0 short sword (weapon)
 i - a +2 whip of electrocution
Armour
 b - a +0 robe (worn)
Jewellery
 d - a ring of fire (left hand)
Scrolls
 e - a scroll of teleportation {unknown}
 f - a scroll of identify {unknown}
 h - a scroll of magic mapping {unknown}
Potions
 c - a potion of ambrosia
 g - a potion of haste {unknown}


   Skills:
 - Level 2.4 Fighting
 * Level 3.5 Short Blades
 - Level 3.6 Dodging
 - Level 2.4 Stealth


You couldn't memorise any spells.
You didn't know any spells.
Your spell library was empty.

Dungeon Overview and Level Annotations

Branches:
Dungeon (2/15)

Altars:


Message History

There is a stone staircase leading up here.
An endoplasm comes into view.
The endoplasm quivers.
You hit the endoplasm.
The endoplasm is lightly wounded.
You barely miss the endoplasm.
The endoplasm is lightly wounded.
The endoplasm barely misses you.
You hit the endoplasm.
The endoplasm is heavily wounded.
The endoplasm freezes you.
You are frozen!
You feel a terrible chill!
Ouch! That really hurt!
You hit the endoplasm.
You kill the endoplasm!
Found 9 gold pieces.
Found a plate armour.
Found 12 gold pieces and a runed whip.
A rat comes into view.
A hobgoblin comes into view.
You see here 9 gold pieces.
The helpless rat fails to defend itself.
You puncture the rat!
You kill the rat!
You now have 9 gold pieces.
A worm comes into view.
The hobgoblin shouts!
You see here a +2 whip of electrocution.
i - a +2 whip of electrocution A hobgoblin comes into view.
You hit the hobgoblin.
The hobgoblin is heavily wounded.
The hobgoblin hits you.
You barely miss the hobgoblin.
The hobgoblin is moderately wounded.
The hobgoblin hits you but does no damage.
The hobgoblin attacks as you move away! The hobgoblin hits you.
* * * LOW HITPOINT WARNING * * *
The hobgoblin attacks as you move away! The hobgoblin hits you.
You die...

##.## .# # #.#
#...# #.# ## ..#.#
#.# #. .... #.#
#.###.#.##### #.#
#.#...#$.[..# #.#
#.#.#.###.#.#####.#
##..@g...#........#
#.###g#.#..########
#...#...#..#
###.#.###..#
#..#.....#
##########


You could see 2 hobgoblins.

Vanquished Creatures
  2 endoplasms
  A goblin (D:1)
  A bat (D:1)
  3 rats
7 creatures vanquished.

Notes
Turn   | Place    | Note
-------+----------+-------------------------------------------
     0 | D:1      | nxtlvl the Deep Elf Monk began the quest for the Orb.
     0 | D:1      | Reached XP level 1. HP: 13/13 MP: 3/3
     0 | D:1      | Noticed an ogre
     3 | D:1      | Noticed a minotaur skeleton
     4 | D:1      | Noticed a dwarf
    13 | D:1      | Noticed a ghoul
    23 | D:1      | Noticed a minotaur zombie
   110 | D:2      | Noticed Terence
   198 | D:2      | Slain by a hobgoblin

Illustrated notes

Levels and vault maps discovered:
D:1:      shiori_arrival_whats_in_store_for_you, layout_rooms
D:2:      layout_loops_ring, minmay_pentomino_v4, uniq_terence

Action                   || total
-------------------------++-------
Melee: Short sword       ||    17
 Stab: Sleeping          ||     1
Armor: Robe              ||     4
Dodge: Dodged            ||     5

Table legend: (Time is in decaauts)
 A = Elapsed time spent in this place.
 B = Non-inter-level travel time spent in this place.
 C = Inter-level travel time spent in this place.
 D = Time resting spent in this place.
 E = Time spent auto-exploring this place.
 F = Levels seen in this place.
 G = Mean time per level.
                   A        B        C        D        E       F      G
               +--------+--------+--------+--------+--------+-----+--------+
         Total |    196 |    196 |      0 |      0 |     28 |   2 |   98.0 |
       Dungeon |    196 |    196 |      0 |      0 |     28 |   2 |   98.0 |
               +--------+--------+--------+--------+--------+-----+--------+

Top non-repeatable levels by time:
     D:1: 105 daAuts
     D:2: 91 daAuts
